 Dungeon Crawl Stone Soup version 0.28-a0-706-gf6f64a616a (webtiles) character file.

Game seed: 2982612524661460139

4 lawman0 the Vexing (level 1, 18/18 HPs)
             Began as a Troll Arcane Marksman on Oct 24, 2021.
             Was a Follower of Qazlal.
             Quit the game on level 1 of the Dungeon.
             The game lasted 00:00:13 (136 turns).

lawman0 the Vexing (Troll Arcane Marksman)           Turns: 136, Time: 00:00:14

Health: 18/18      AC:  4    Str: 17    XL:     1   Next: 50%
Magic:  1/1        EV:  9    Int:  9    God:    Qazlal [*.....]
Gold:   4          SH:  1    Dex: 10    Spells: 2/2 levels left

rFire   . . .      SeeInvis .   (no weapon)
rCold   . . .      Faith    .   (no shield)
rNeg    . . .      Spirit   .   a - +0 robe
rPois   .          Reflect  .   (helmet restricted)
rElec   .          Harm     .   (no cloak)
rCorr   .          Rampage  .   (gloves unavailable)
Will    .....                   (boots unavailable)
Stlth   +.........              (no amulet)
HPRegen 1.06/turn               (no ring)
MPRegen 0.07/turn               (no ring)

@: no status effects
A: large, unfitting armour, claws 3, regeneration 1, shaggy fur 1, tough skin 1
a: Renounce Religion


You were on level 1 of the Dungeon.
You worshipped Qazlal.
Qazlal was aware of your devotion.
You visited 1 branch of the dungeon, and saw 1 of its levels.

You collected 4 gold pieces.

Inventory:

Missiles
 b - 4 large rocks (quivered)
 c - 2 throwing nets
Armour
 a - a +0 robe (worn)
Scrolls
 d - a scroll of holy word {unknown}


   Skills:
 + Level 0.7 Fighting
 * Level 1.9 Throwing
 + Level 1.6 Dodging
 * Level 1.0 Spellcasting
 + Level 2.1 Hexes


You had 2 spell levels left.
You didn't know any spells.
Your spell library contained the following spells:

 Spells                   Type           Power      Damage    Failure   Level
 Slow                     Hex            4%         N/A       24%         2
 Inner Flame              Hex/Fire       2%         N/A       58%         3
 Portal Projectile        Hex/Tloc       4%         N/A       58%         3
 Cause Fear               Hex            2%         N/A       83%         4


Dungeon Overview and Level Annotations

Branches:
Dungeon (1/15)

Altars:
Qazlal


Innate Abilities, Weirdness & Mutations

You are too large for most types of armour.
You have claws for hands.
Your natural rate of healing is unusually fast.
You are covered in fur. (AC +1)
You have tough skin. (AC +1)


Message History

You scratch the endoplasm.
The endoplasm is almost dead.
The endoplasm hits you but does no damage.
An endoplasm is nearby!
You scratch the endoplasm.
You kill the endoplasm!
There is an open door here.
There is a fountain of clear blue water here.
You open the large door.
There is a large open door here.
d - a scroll labelled WUURUZ ZUAFOUH No target in view!
A kobold comes into view. It is wielding a +0 short sword.
The kobold shouts!
A kobold is nearby!
Found a robe.
A kobold is nearby!
You miss the kobold. The kobold hits you but does no damage.
A kobold is nearby!
You barely miss the kobold.
The kobold hits you with a +0 short sword.
A kobold is nearby!
You scratch the kobold.
You kill the kobold!
No target in view!
No target in view!
Things that are here:
a +0 short sword; a kobold corpse No target in view!
Found a faded altar of an unknown god.
You see here a +0 robe.
There is a faded altar of an unknown god here.
You cannot tell which god this altar belongs to.
Convert to them anyway? [Y]es or [N]o only, please.
You cannot tell which god this altar belongs to.
Convert to them anyway?
Qazlal accepts your prayer! Qazlal welcomes you!
Qazlal grants you and your divine allies immunity to clouds.
You are now surrounded by a storm.
Are you sure you want to abandon this character and quit the game? (Confirm with "yes".)

###.# ###.. ....
....###...#####(.##
###.##.....#......
###.##.......##.#
..........)# #.#
#+####....#####.###.##
.⌠.##............P...#
..##....#####..[♣♣...#
.##....## #.P♣@P♣ #
##....## #..♣P..P#
'....## #...♣♣P.#
##..## #...P .##
.##..# ###### #
..##..# .⌠.##..#
#'####.# .......#


There were no monsters in sight!

Vanquished Creatures
  A ball python (D:1)
  An endoplasm (D:1)
  2 kobolds (D:1)
4 creatures vanquished.

Notes
Turn   | Place    | Note
-------+----------+-------------------------------------------
     0 | D:1      | lawman0 the Troll Arcane Marksman began the quest for the
                  | Orb.
     0 | D:1      | Reached XP level 1. HP: 18/18 MP: 1/1
   127 | D:1      | Found a faded altar of an unknown god.
   135 | D:1      | Prayed at the altar of an unknown god.
   135 | D:1      | Became a worshipper of Qazlal Stormbringer
   135 | D:1      | Reached * piety under Qazlal
   136 | D:1      | Quit the game

Illustrated notes

Levels and vault maps discovered:
D:1:      dpeg_arrival_pits, layout_loops_cross,
          ebering_ecumenical_altar_petrified, grunt_decor_arrowhead

Action                   || total
-------------------------++-------
Melee: Unarmed           ||     8
Armor: Robe              ||     3

Table legend: (Time is in decaauts)
 A = Elapsed time spent in this place.
 B = Non-inter-level travel time spent in this place.
 C = Inter-level travel time spent in this place.
 D = Time resting spent in this place.
 E = Time spent auto-exploring this place.
 F = Levels seen in this place.
 G = Mean time per level.
                   A        B        C        D        E       F      G
               +--------+--------+--------+--------+--------+-----+--------+
         Total |    136 |    136 |      0 |      0 |    103 |   1 |  136.0 |
       Dungeon |    136 |    136 |      0 |      0 |    103 |   1 |  136.0 |
               +--------+--------+--------+--------+--------+-----+--------+

Top non-repeatable levels by time:
     D:1: 136 daAuts
